1 side lose, Hard Aussie stronghold at Mid

Match 41397103
End
Construct Section Command Post
Royal Engineer Section
Vickers Machine Gun Team
Selects Australian Defense Battlegroup
Infantry Section
ML 3-inch Mortar Team
Selects Australian Light Infantry Section
Selects Defensive Tactics
Construct Platoon Command Post
Infantry Section
Royal Engineer Section
Selects Hold the Line!
Unlock M3 Stuart Light Tanks
Hold the Line!
M3 Stuart Light Tank
Infantry Section
Selects CMP 15cwt Supply Run
Construct Field Infirmary
Selects Reinforced Resource Caches
Construct Company Command Post
Crusader II Medium Tank
Hold the Line!
Infantry Training
Selects Charged Creeping Barrage
Crusader II Medium Tank
Unlock Towed 17-pounder Anti-tank Guns
17-pounder Anti-tank Gun Team
Hold the Line!
Charged Creeping Barrage
17-pounder Anti-tank Gun Team
Royal Engineer Section
Royal Engineer Section
Charged Creeping Barrage
Unlock M3 Grant Medium Tanks
M3 Grant Medium Tank
Royal Engineer Section
Charged Creeping Barrage
Charged Creeping Barrage
CMP 15cwt Truck
Armored Vehicle Training
M3 Grant Medium Tank
Charged Creeping Barrage
Charged Creeping Barrage
M3 Grant Medium Tank
Hold the Line!
Charged Creeping Barrage
Mochi_flamer
Major DaTou
와 시바 아이디 또해킹당했노
Hello
Funky Ayylien
A2O
FatalRektal
icecaKe
0
0

Comments sign in to comment!

No comments posted yet!